 Dungeon Crawl Stone Soup version 0.27.1 (webtiles) character file.

Game seed: 15313884315232631162

81 H0rd4k the Caller (level 4, -5/30 HPs)
             Began as a Barachi Summoner on Aug 31, 2021.
             Slain by a black bear (7 damage)
             ... on level 4 of the Dungeon.
             The game lasted 00:05:19 (4384 turns).

H0rd4k the Caller (Barachi Summoner)                Turns: 4384, Time: 00:05:19

Health: -5/30      AC:  2    Str: 10    XL:     4   Next: 40%
Magic:  1/9        EV: 12    Int: 16    God:
Gold:   178        SH:  0    Dex: 12    Spells: 6/10 levels left

rFire    . . .     SeeInvis .   c - +0 rapier (freeze)
rCold    . . .     Faith    .   (no shield)
rNeg     . . .     Spirit   .   a - +0 robe
rPois    .         Reflect  .   (no helmet)
rElec    .         Harm     .   e - scarf {+Inv}
rCorr    .         Rampage  .   (no gloves)
Will     .....                  (no boots)
Stlth    ++........             (no amulet)
HPRegen  0.10/turn              (no ring)
MPRegen  0.11/turn              (no ring)

@: unable to hop, slow
A: amphibious, slowness 1, strong legs 1, +LOS
a: Hop, Evoke Invisibility


You were on level 4 of the Dungeon.
You visited 1 branch of the dungeon, and saw 5 of its levels.

You collected 178 gold pieces.

Inventory:

Hand Weapons
 c - a +0 rapier of freezing (weapon)
 l - a +3 trident
Missiles
 r - 16 poisoned darts
Armour
 a - a +0 robe (worn)
 e - a scarf of invisibility (worn)
Jewellery
 j - a +4 ring of evasion
 k - a ring of protection from cold
Wands
 o - a wand of flame (13)
Scrolls
 b - 3 scrolls of identify {unknown}
 d - a scroll of noise {unknown}
 f - a scroll of brand weapon {unknown}
 g - a scroll of blinking {unknown}
 m - a scroll of amnesia {unknown}
 n - a scroll of fear {unknown}
Potions
 h - a potion of lignification {unknown}
 i - a potion of curing {unknown}
 p - a potion of invisibility {unknown}
 q - a potion of brilliance {unknown}


   Skills:
 + Level 2.1 Dodging
 - Level 1.7 Stealth
 + Level 0.2 Unarmed Combat
 * Level 3.8 Spellcasting
 * Level 5.7 Summonings


You had 6 spell levels left.
You knew the following spells:

 Your Spells              Type           Power      Damage    Failure   Level
a - Summon Small Mammal   Summ           84%        N/A       1%          1
b - Call Canine Familiar  Summ           21%        N/A       4%          3

Your spell library contained the following spells:

 Spells                   Type           Power      Damage    Failure   Level
 Call Imp                 Summ           21%        N/A       2%          2
 Summon Guardian Golem    Hex/Summ       12%        N/A       16%         3
 Corona                   Hex            3%         N/A       17%         1
 Ensorcelled Hibernation  Hex/Ice        6%         N/A       26%         2
 Tukima's Dance           Hex            3%         N/A       45%         3
 Summon Lightning Spire   Summ/Air       12%        N/A       47%         4
 Animate Dead             Necr           1%         N/A       86%         4
 Borgnjor's Vile Clutch   Necr/Erth      1%         N/A       99%         5
 Death Channel            Necr           1%         N/A       100%        6


Dungeon Overview and Level Annotations

Branches:
Dungeon (5/15)
 Temple: D:4-7

Altars:

Shops:
D:2 =

Annotations:
D:5 exclusion: upstairs


Innate Abilities, Weirdness & Mutations

You are amphibious.
You cover ground slowly.
You can hop short distances.
You have an extended range of vision and can be seen from far away.


Message History

The black bear bites your hound.
The black bear claws your hound but does no damage.
The black bear closely misses your hound.
Your hound barely misses the black bear.
The black bear bites your hound but does no damage.
The black bear claws your hound. x2; Your hound bites the black bear.
The black bear barely misses your hound.
The black bear closely misses your hound.
The black bear misses your hound.
Your hound barely misses the black bear.
The black bear bites your hound.
Your hound dies!
Your hound's corpse disappears in a puff of smoke!
Casting: Call Canine Familiar (dangerous; 4% risk of failure)
Confirm with . or Enter, or press ? or * to list all spells.
You swap places.
The black bear bites your hound! The black bear misses your hound.
The black bear claws your hound but does no damage.
Your hound bites the black bear but does no damage.
The black bear rages.
The black bear bites your hound!
Your hound dies!
Your hound's corpse disappears in a puff of smoke!
The black bear bites you! The black bear claws you. x2
Casting: Call Canine Familiar (dangerous; 4% risk of failure)
Confirm with . or Enter, or press ? or * to list all spells.
You don't have enough magic to cast this spell.
The black bear misses you. The black bear barely misses you.
The black bear claws you.
Hop to where?
Press: ? - help, Dir - move target Boing!
Casting: Call Canine Familiar (dangerous; 4% risk of failure)
Confirm with . or Enter, or press ? or * to list all spells.
The black bear barely misses you. The black bear misses you.
The black bear closely misses you.
Your bat barely misses the black bear.
The black bear bites you!
* * * LOW HITPOINT WARNING * * *
The black bear claws you!
You die...

†###.# ######.# .# #.#
#......# )###.#
#.####.####
.....###.#.......#
#.......h..##.##.#
##...###.####.##b###.#
##.## #.# #.°......#
#.# #.####.##h#####
#.# #......##@# #+#
#########.# #.#
####.#### ##.#.....##
####....###..#
+.......# #..#
####....###..#
##.#.h....#


You could see a black bear (berserk, ally target) and a friendly bat (summoned).

Vanquished Creatures
  2 adders (D:3)
  An orc (D:3)
  A bat (D:3)
  2 hobgoblins
  A frilled lizard (D:2)
  A rat (D:2)
8 creatures vanquished.

Vanquished Creatures (collateral kills)
  3 adders
  A gnoll (D:5)
  An ufetubus (D:5)
  2 worms
  3 orcs (D:3)
  3 endoplasms
  3 giant cockroaches
  4 goblins
  6 hobgoblins
  7 kobolds
  A quokka (D:3)
  6 ball pythons
  4 bats
  2 frilled lizards
  3 rats
49 creatures vanquished.

Grand Total: 57 creatures vanquished

Notes
Turn   | Place    | Note
-------+----------+-------------------------------------------
     0 | D:1      | H0rd4k the Barachi Summoner began the quest for the Orb.
     0 | D:1      | Reached XP level 1. HP: 13/13 MP: 3/3
   180 | D:1      | Reached skill level 5 in Summonings
   514 | D:1      | Reached XP level 2. HP: 15/19 MP: 0/5
   644 | D:1      | Found a faded altar of an unknown god.
  2314 | D:2      | Found Giystr Foun's Jewellery Emporium.
  2509 | D:2      | Reached XP level 3. HP: 21/24 MP: 0/7
  2513 | D:2      | Learned a level 3 spell: Call Canine Familiar
  3323 | D:3      | Reached XP level 4. HP: 30/30 MP: 6/9
  3879 | D:3      | You fall into a shaft and drop 1 floor!
  3997 | D:4      | Noticed a black bear
  4022 | D:5      | Entered Level 5 of the Dungeon
  4384 | D:4      | Slain by a black bear

Illustrated notes

Levels and vault maps discovered:
D:1:      dpeg_arrival_circle_labyrinth_c, layout_basic,
          dreamdust_ecumenical_altar_hidden_monk_grotto,
          hangedman_decor_slide_cut
D:2:      layout_rooms, serial_shops, nicolae_shop_behind_doors
D:3:      layout_basic
D:4:      layout_loops_corners, hangedman_minor_gate_pass, uniq_grinder
D:5:      layout_basic, minitemple, minmay_temple_entry_tees,
          ebering_ghost_disaster_area

Skill      XL: |  1  2  3 |
---------------+----------+-----
Summonings     | 5 |  5.7
Spellcasting   | 3 |  3.8
Dodging        | |  2.1
Stealth        | |  1.7
Unarmed Combat | |  0.2

Action                   |  1- 3 |  4- 6 || total
-------------------------+-------+-------++-------
Melee: Unarmed           |     5 |       ||     5
       Rapier            |    13 |     8 ||    21
 Cast: Summon Small Mamm |   117 |     6 ||   123
       Call Canine Famil |       |    11 ||    11
 Abil: Hop               |       |     1 ||     1
Armor: Robe              |    16 |     1 ||    17
Dodge: Dodged            |    37 |    14 ||    51
